Map: Overgrown Facility

Players

barniques

  • Race: Terran Terran
  • League: Platinum
  • Spawn Location: 7:00

Bissonnette

  • Race: Zerg Zerg
  • League: Platinum
  • Spawn Location: 9:00

MonstroTown - Winner!

  • Race: Terran Terran
  • Spawn Location: 3:00

Michael - Winner!

  • Race: Zerg Zerg
  • League: Gold
  • Spawn Location: 1:00

VOD

Have the link to the VOD?

Description

Time

  • Played on: Sept. 27, 2018, 7:29 p.m.
  • Length: 4:03
Show
View Real Time Build Order
Export as new Build Order

barniques Terran 

Build Orders:  

Get SALT Encoding   

  12  0:05  SCV  
  13  0:17  SCV  
  14  0:22  Supply Depot  
  14  0:29  SCV  
  15  0:44  SCV, Barracks  
  16  0:56  SCV  
  17  1:08  SCV  
  18  1:29  Command Center  
  18  1:33  Marine  
  18  1:36  Orbital Command  
  19  1:45  Refinery  
  19  2:08  Command Center  
  18  2:25  Marine  
  19  2:34  Supply Depot  
  19  2:35  SCV  
  20  2:42  Orbital Command  
  20  3:00  Factory  
  20  3:03  Marine  
  20  3:25  Marine  
  18  3:41  Barracks  
  17  3:43  Barracks, Marine  
Show
View Real Time Build Order
Export as new Build Order

Bissonnette Zerg 

Build Orders: Hatch First 

Get SALT Encoding   

  12  0:02  Drone  
  13  0:10  Drone  
  14  0:17  Overlord  
  14  0:37  Drone x2  
  14  0:38  Drone  
  17  0:51  Extractor, Drone  
  17  1:04  Drone  
  17  1:07  Hatchery  
  17  1:20  Spawning Pool  
  17  1:21  Drone  
  18  1:32  Drone  
  18  1:33  Drone  
  19  1:43  Drone  
  20  1:54  Drone  
  21  2:03  Overlord  
  21  2:08  Roach Warren  
  20  2:15  Queen  
  22  2:20  Queen  
  22  2:22  Drone x2  
  26  2:30  Drone  
  26  2:33  Extractor  
  26  2:36  Drone  
  26  2:37  Drone  
  28  2:43  Drone  
  29  2:48  Drone  
  30  2:53  Overlord  
  30  3:03  Roach x2  
  34  3:14  Spine Crawler  
  34  3:16  Drone, Roach  
  36  3:29  Roach x3  
  36  3:30  Roach  
Show
View Real Time Build Order
Export as new Build Order

MonstroTown Terran - Winner!

Build Orders: Reaper Expand 

Get SALT Encoding   

  12  0:00  SCV  
  13  0:13  SCV  
  14  0:18  Supply Depot  
  14  0:25  SCV  
  15  0:40  SCV  
  15  0:41  Barracks  
  16  0:47  Refinery  
  16  0:54  SCV  
  17  1:06  SCV  
  18  1:18  SCV  
  19  1:30  Reaper  
  19  1:31  Orbital Command  
  20  1:47  Command Center  
  20  1:59  SCV  
  21  2:07  Supply Depot  
  21  2:11  SCV  
  22  2:16  Factory  
  22  2:23  SCV  
  22  2:29  Marine  
  24  2:31  Supply Depot  
  24  2:36  SCV  
  25  2:43  Barracks  
  25  2:44  Refinery  
  25  2:46  Marine  
  26  3:03  Factory Tech Lab  
  26  3:11  Orbital Command  
  26  3:33  SCV, Marine x2  
  32  3:45  SCV  
  33  3:50  SCV  
Show
View Real Time Build Order
Export as new Build Order

Michael Zerg - Winner!

Build Orders: Hatch First 

Get SALT Encoding   

  12  0:01  Drone  
  13  0:12  Overlord  
  13  0:18  Drone  
  14  0:31  Drone x2  
  14  0:34  Drone  
  17  0:47  Drone  
  18  0:57  Hatchery  
  18  1:00  Drone  
  18  1:03  Extractor  
  17  1:16  Spawning Pool  
  16  1:19  Drone  
  16  1:23  Drone  
  18  1:35  Drone  
  18  1:39  Drone  
  20  1:49  Overlord  
  20  2:03  Queen  
  20  2:04  Metabolic Boost  
  22  2:09  Queen  
  22  2:11  Zergling x2  
  22  2:15  Zergling x2  
  26  2:18  Zergling x2  
  26  2:21  Zergling x2  
  27  2:24  Zergling x2  
  28  2:31  Zergling x2  
  28  2:32  Zergling x2  
  30  2:46  Queen  
  32  2:51  Queen  
  32  2:54  Drone  
  32  2:57  Drone  
  36  3:03  Extractor  
  34  3:25  Zergling x4  
  36  3:27  Overlord x3  
Tags
 
Add a new tag
Caveats
  • Supply blocks, unpowered buildings, or Contaminate may cause inaccurate times.
  • Supply counts are checked every 10 seconds.